HSSL
SHELBY HS ROCKETS @ OCEANSIDE HS PIRATES
04/04/2026
 
TOP OF THE 1ST
Shelby HS Rockets batting - Pitching for Oceanside HS Pirates : LHP Valentín García
Pitching: LHP Valentín García
Batting: LHB Justin Tubridy 0-0: Called Strike
0-1: Reached on Error, E9 (Flyball, 9S)
Batting: RHB Robbie Weatherdon 0-0: Called Strike
0-1: SINGLE (Line Drive, 78S)
Justin Tubridy to second
Batting: LHB Dave Cannon 0-0: Called Strike
0-1: Foul Ball, location: 2F
0-2: Ball
1-2: Ball
2-2: Ball
3-2: Foul Ball, location: 2F
3-2: Ground out 4-3 (Groundball, 4M)
Justin Tubridy to third
Robbie Weatherdon to second
Batting: RHB Jesús López 0-0: Ball
1-0: Ball
2-0: Called Strike
2-1: Foul Ball, location: 2F
2-2: Ball
3-2: Foul Ball, location: 2F
3-2: Strikes out looking
Batting: RHB David Randall 0-0: Called Strike
0-1: Ball
1-1: Ground out U3 (Groundball, 3)
Top of the 1st over - 0 run(s), 1 hit(s), 1 error(s), 2 left on base; Shelby HS 0 - Oceanside HS 0
BOTTOM OF THE 1ST
Oceanside HS Pirates batting - Pitching for Shelby HS Rockets : LHP Chris Moore
Pitching: LHP Chris Moore
Batting: RHB Glen Madden 0-0: Swinging Strike
0-1: Ball
1-1: Ball
2-1: Ball
3-1: Foul Ball, location: 2F
3-2: Base on Balls
Batting: RHB Henry Rose 0-0: Ball
1-0: Fly out, F8 (Flyball, 8RM)
Batting: LHB Ron Young 0-0: Ball
1-0: Fly out, F8 (Flyball, 78M)
Batting: RHB Danny Boykins 0-0: Ball
1-0: Ball
2-0: Fly out, F9 (Flyball, 89M)
Bottom of the 1st over - 0 run(s), 0 hit(s), 0 error(s), 1 left on base; Shelby HS 0 - Oceanside HS 0
TOP OF THE 2ND
Shelby HS Rockets batting - Pitching for Oceanside HS Pirates : LHP Valentín García
Batting: RHB Joseph Brown 0-0: Ball
1-0: Ball
2-0: Called Strike
2-1: Ball
3-1: Foul Ball, location: 2F
3-2: Strikes out swinging
Batting: RHB Julius Bell 0-0: Foul Ball, location: 2F
0-1: SINGLE (Line Drive, 7S)
Batting: LHB Bill Williams 0-0: Ball
Wild Pitch!
Julius Bell to second
1-0: Swinging Strike
1-1: Swinging Strike
1-2: Foul Ball, location: 2F
1-2: Strikes out swinging
Batting: RHB Javier Concepción 0-0: Called Strike
0-1: Ball
1-1: Foul Ball, location: 2F
1-2: Ball
2-2: Ground out 6-3 (Groundball, 6M)
Top of the 2nd over - 0 run(s), 1 hit(s), 0 error(s), 1 left on base; Shelby HS 0 - Oceanside HS 0
BOTTOM OF THE 2ND
Oceanside HS Pirates batting - Pitching for Shelby HS Rockets : LHP Chris Moore
Batting: SHB Jerry Young 0-0: Called Strike
0-1: Fly out, F7 (Line Drive, 7M)
Batting: LHB Preston Spencer 0-0: Ball
1-0: SINGLE (Line Drive, 8RS)
Batting: LHB Greg Sharpe 0-0: Called Strike
0-1: Ground out U3 (Groundball, 3S)
Preston Spencer to second
Batting: RHB Anthony Payton 0-0: Ball
1-0: Fly out, F9 (Flyball, 9LM)
Bottom of the 2nd over - 0 run(s), 1 hit(s), 0 error(s), 1 left on base; Shelby HS 0 - Oceanside HS 0
TOP OF THE 3RD
Shelby HS Rockets batting - Pitching for Oceanside HS Pirates : LHP Valentín García
Batting: LHB Justin Tubridy 0-0: Ball
1-0: SINGLE (Groundball, 4MD)
Batting: RHB Robbie Weatherdon 0-0: Ball
1-0: Called Strike
1-1: Ball
2-1: Swinging Strike
2-2: Ball
3-2: Fly out, F3 (Popup, 3DF)
Batting: LHB Dave Cannon 0-0: Ball
1-0: SINGLE (Line Drive, 56)
Justin Tubridy to second
Batting: RHB Jesús López 0-0: Ball
1-0: Called Strike
1-1: Called Strike
Justin Tubridy steals 3rd base
Dave Cannon to second
1-2: Strikes out swinging
Batting: RHB David Randall 0-0: Called Strike
0-1: Fly out, F2 (Popup, 2LF)
Top of the 3rd over - 0 run(s), 2 hit(s), 0 error(s), 2 left on base; Shelby HS 0 - Oceanside HS 0
BOTTOM OF THE 3RD
Oceanside HS Pirates batting - Pitching for Shelby HS Rockets : LHP Chris Moore
Batting: LHB Miguel Maldonado 0-0: Ball
1-0: Hit by Pitch
Batting: RHB Glen Madden 0-0: Ball
1-0: Called Strike
1-1: Foul Ball, location: 2F
1-2: Ball
2-2: Fly out, F7 (Flyball, 7M)
Batting: RHB Henry Rose 0-0: Ball
1-0: Foul Ball, location: 2F
1-1: Called Strike
1-2: Ball
Miguel Maldonado is caught stealing 2nd base
2-2: Strikes out swinging
Bottom of the 3rd over - 0 run(s), 0 hit(s), 0 error(s), 0 left on base; Shelby HS 0 - Oceanside HS 0
TOP OF THE 4TH
Shelby HS Rockets batting - Pitching for Oceanside HS Pirates : LHP Valentín García
Batting: RHB Joseph Brown 0-0: Called Strike
0-1: Ball
1-1: SINGLE (Groundball, 6D)
Batting: RHB Julius Bell 0-0: Foul Ball, location: 2F
0-1: Swinging Strike
0-2: Strikes out looking
Batting: LHB Bill Williams 0-0: Ball
1-0: Ball
2-0: Fly out, F7 (Line Drive, 78M)
Batting: RHB Javier Concepción 0-0: Called Strike
0-1: Ball
1-1: Foul Ball, location: 2F
1-2: Strikes out swinging
Top of the 4th over - 0 run(s), 1 hit(s), 0 error(s), 1 left on base; Shelby HS 0 - Oceanside HS 0
BOTTOM OF THE 4TH
Oceanside HS Pirates batting - Pitching for Shelby HS Rockets : LHP Chris Moore
Batting: LHB Ron Young 0-0: Foul Ball, location: 2F
0-1: Swinging Strike
0-2: Foul Ball, location: 2F
0-2: Ball
1-2: Ball
2-2: Ball
3-2: Base on Balls
Batting: RHB Danny Boykins 0-0: Ball
1-0: Fly out, F8 (Flyball, 8RXD)
Runner from 1st tags up, SAFE at 2nd
Batting: SHB Jerry Young 0-0: Fly out, F8 (Line Drive, 8LM)
Batting: LHB Preston Spencer 0-0: Ball
1-0: SINGLE (Flyball, 89M)
Ron Young to third
Runner from 3rd tries for Home, SAFE, no throw or cutoff
Batting: LHB Greg Sharpe 0-0: Foul Ball, location: 2F
0-1: Called Strike
0-2: Strikes out looking
Bottom of the 4th over - 1 run(s), 1 hit(s), 0 error(s), 1 left on base; Shelby HS 0 - Oceanside HS 1
TOP OF THE 5TH
Shelby HS Rockets batting - Pitching for Oceanside HS Pirates : LHP Valentín García
Batting: LHB Justin Tubridy 0-0: Reached on error, E3 (Groundball, 3S)
Batting: RHB Robbie Weatherdon 0-0: Ball
1-0: Foul Ball, location: 2F
1-1: Ball
2-1: Called Strike
Justin Tubridy steals 2nd base
2-2: Ball
3-2: Foul Ball, location: 2F
3-2: Fly out, F9 (Flyball, 9LS)
Batting: LHB Dave Cannon 0-0: Fly out, F4 (Popup, 4MD)
Batting: RHB Jesús López 0-0: Ball
1-0: Ball
2-0: Foul Ball, location: 2F
2-1: Foul Ball, location: 2F
2-2: Ball
Error on foul ball, E9
3-2: Foul Ball, location: 2F
3-2: Foul Ball, location: 2F
3-2: Strikes out swinging passed ball, reaches first!
Justin Tubridy to third
Pitching: LHP Mariano García
Batting: RHB David Randall 0-0: Called Strike
0-1: Ball
1-1: Fly out, F8 (Flyball, 8LM)
Top of the 5th over - 0 run(s), 0 hit(s), 2 error(s), 2 left on base; Shelby HS 0 - Oceanside HS 1
BOTTOM OF THE 5TH
Oceanside HS Pirates batting - Pitching for Shelby HS Rockets : LHP Chris Moore
Batting: RHB Anthony Payton 0-0: Ball
1-0: Ball
2-0: Ball
3-0: Base on Balls
Batting: LHB Miguel Maldonado 0-0: SINGLE (Line Drive, 78S)
Anthony Payton to second
Batting: RHB Glen Madden 0-0: Ball
1-0: Foul Ball, location: 2F
1-1: Ball
2-1: Called Strike
2-2: Foul Ball, location: 2F
2-2: Ball
3-2: Base on Balls
Anthony Payton to third
Miguel Maldonado to second
Batting: RHB Henry Rose 0-0: Called Strike
0-1: Fly out, F9 (Flyball, 89M)
Runner from 3rd tags up, SCORES, no throw
Batting: LHB Ron Young 0-0: Called Strike
0-1: Ball
1-1: Called Strike
1-2: Fly out, F8 (Flyball, 8LS)
Batting: RHB Danny Boykins 0-0: Ball
1-0: SINGLE (Line Drive, 8LS)
Miguel Maldonado to third
Glen Madden to second
Runner from 3rd tries for Home, SAFE, throw made at trailing runner, SAFE at third!
Batting: SHB Jerry Young 0-0: Ball
1-0: Called Strike
1-1: Ball
2-1: Foul Ball, location: 2F
2-2: Ball
3-2: Foul Ball, location: 2F
3-2: Base on Balls
Danny Boykins to second
Batting: LHB Preston Spencer 0-0: Ball
1-0: Ball
2-0: Ball
3-0: Called Strike
3-1: Foul Ball, location: 2F
3-2: Base on Balls
Glen Madden scores
Danny Boykins to third
Jerry Young to second
Pitching: RHP Christian Gunn
Batting: LHB Greg Sharpe 0-0: Fly out, F8 (Flyball, 8LM)
Bottom of the 5th over - 3 run(s), 2 hit(s), 0 error(s), 3 left on base; Shelby HS 0 - Oceanside HS 4
TOP OF THE 6TH
Shelby HS Rockets batting - Pitching for Oceanside HS Pirates : LHP Mariano García
Batting: RHB Joseph Brown 0-0: Called Strike
0-1: DOUBLE (Line Drive, 5D)
Batting: RHB Julius Bell 0-0: Ball
1-0: Swinging Strike
1-1: Foul Ball, location: 2F
1-2: Foul Ball, location: 2F
1-2: Ball
2-2: Ball
3-2: Base on Balls
Batting: LHB Bill Williams 0-0: Ball
1-0: Fly out, F6 (Popup, 6D)
Batting: RHB Javier Concepción 0-0: Foul Ball, location: 2F
0-1: Called Strike
0-2: Ball
1-2: Ball
2-2: Ball
3-2: Foul Ball, location: 2F
3-2: Base on Balls
Joseph Brown to third
Julius Bell to second
Batting: LHB Justin Tubridy 0-0: Called Strike
0-1: Called Strike
0-2: Ball
1-2: Strikes out swinging
Batting: RHB Robbie Weatherdon 0-0: Ball
1-0: Ball
2-0: Ball
3-0: Base on Balls
Joseph Brown scores
Julius Bell to third
Javier Concepción to second
Batting: LHB Dave Cannon 0-0: Ball
1-0: Fly out, F7 (Flyball, 7M)
Top of the 6th over - 1 run(s), 1 hit(s), 0 error(s), 3 left on base; Shelby HS 1 - Oceanside HS 4
BOTTOM OF THE 6TH
Oceanside HS Pirates batting - Pitching for Shelby HS Rockets : RHP Christian Gunn
Batting: RHB Anthony Payton 0-0: Called Strike
0-1: Swinging Strike
0-2: Ball
1-2: Strikes out swinging
Batting: LHB Miguel Maldonado 0-0: Ball
1-0: Called Strike
1-1: Called Strike
1-2: Foul Ball, location: 2F
1-2: Foul Ball, location: 2F
1-2: Fly out, F7 (Flyball, 7M)
Batting: RHB Glen Madden 0-0: Fly out, F7 (Flyball, 7M)
Bottom of the 6th over - 0 run(s), 0 hit(s), 0 error(s), 0 left on base; Shelby HS 1 - Oceanside HS 4
TOP OF THE 7TH
Shelby HS Rockets batting - Pitching for Oceanside HS Pirates : LHP Mariano García
Batting: RHB Jesús López 0-0: Ball
1-0: Foul Ball, location: 2F
1-1: Ball
2-1: Foul Ball, location: 2F
2-2: Foul Ball, location: 2F
2-2: SOLO HOME RUN (Flyball, 7D), Distance : 411 ft
Pitching: RHP Rafael Anariba
Batting: RHB David Randall 0-0: Swinging Strike
0-1: Ball
1-1: Called Strike
1-2: Strikes out swinging
Batting: RHB Joseph Brown 0-0: Called Strike
0-1: Called Strike
0-2: Ball
1-2: Ball
2-2: Ball
3-2: Fly out, F9 (Line Drive, 9D)
Batting: RHB Julius Bell 0-0: Ball
1-0: Ball
2-0: Foul Ball, location: 2F
2-1: Foul Ball, location: 2F
2-2: Ball
3-2: Base on Balls
Batting: LHB Bill Williams 0-0: Ball
1-0: Fly out, F2 (Popup, 2RF)
Top of the 7th over - 1 run(s), 1 hit(s), 0 error(s), 1 left on base; Shelby HS 2 - Oceanside HS 4
BOTTOM OF THE 7TH
Oceanside HS Pirates batting - Pitching for Shelby HS Rockets : RHP Christian Gunn
Batting: RHB Henry Rose 0-0: Ball
1-0: Ball
2-0: Ball
3-0: Base on Balls
Batting: LHB Ron Young 0-0: Ball
1-0: Foul Ball, location: 2F
1-1: Ball
2-1: DOUBLE (Line Drive, 78M)
Henry Rose to third
Batting: RHB Danny Boykins 0-0: Intentional Walk
Batting: SHB Jerry Young 0-0: Grounds into fielders choice 4-2 (Groundball, 4)
Ron Young to third
Danny Boykins to second
Batting: LHB Preston Spencer 0-0: Ball
1-0: Ball
2-0: Ball
3-0: Base on Balls
Ron Young scores
Danny Boykins to third
Jerry Young to second
Batting: LHB Greg Sharpe 0-0: Ball
1-0: GRAND SLAM HOME RUN (Flyball, 9D), Distance : 391 ft
Pitching: LHP Gustavo Maldonado
Batting: RHB Anthony Payton 0-0: Fly out, F6 (Line Drive, 6)
Batting: LHB Miguel Maldonado 0-0: Ball
1-0: Ball
2-0: SINGLE (Line Drive, 3L)
Batting: RHB Glen Madden 0-0: Ball
1-0: Called Strike
1-1: Called Strike
1-2: Foul Ball, location: 2F
1-2: Strikes out looking
Bottom of the 7th over - 5 run(s), 3 hit(s), 0 error(s), 1 left on base; Shelby HS 2 - Oceanside HS 9
TOP OF THE 8TH
Shelby HS Rockets batting - Pitching for Oceanside HS Pirates : RHP Rafael Anariba
Batting: RHB Javier Concepción 0-0: Swinging Strike
0-1: Ball
1-1: Swinging Strike
1-2: Strikes out swinging
Batting: LHB Justin Tubridy 0-0: Ball
1-0: Ball
2-0: Called Strike
2-1: Foul Ball, location: 2F
2-2: Ball
3-2: Base on Balls
Batting: RHB Robbie Weatherdon 0-0: Ball
1-0: Called Strike
1-1: Ball
2-1: SINGLE (Line Drive, 56)
Justin Tubridy to second
Batting: LHB Dave Cannon 0-0: Hit by Pitch
Justin Tubridy to third
Robbie Weatherdon to second
Batting: RHB Jesús López 0-0: Called Strike
0-1: Ball
1-1: Swinging Strike
1-2: SINGLE (Groundball, 13) (infield hit)
Justin Tubridy scores
Robbie Weatherdon to third
Dave Cannon to second
Batting: RHB David Randall 0-0: Swinging Strike
0-1: Ball
1-1: Ball
2-1: Ball
3-1: Base on Balls
Robbie Weatherdon scores
Dave Cannon to third
Jesús López to second
Pitching: RHP Ash Coker
Batting: RHB Joseph Brown 0-0: Called Strike
0-1: Swinging Strike
0-2: Foul Ball, location: 2F
0-2: Ball
1-2: Ball
2-2: Strikes out swinging
Batting: RHB Julius Bell 0-0: Called Strike
0-1: Called Strike
0-2: Ball
1-2: Ball
2-2: Fly out, F6 (Line Drive, 6)
Top of the 8th over - 2 run(s), 2 hit(s), 0 error(s), 3 left on base; Shelby HS 4 - Oceanside HS 9
BOTTOM OF THE 8TH
Oceanside HS Pirates batting - Pitching for Shelby HS Rockets : LHP Gustavo Maldonado
Batting: RHB Henry Rose 0-0: Ball
1-0: Swinging Strike
1-1: Foul Ball, location: 2F
1-2: Foul Ball, location: 2F
1-2: Foul Ball, location: 2F
1-2: Ball
2-2: Strikes out looking
Batting: LHB Ron Young 0-0: Foul Ball, location: 2F
0-1: Ball
1-1: Ball
2-1: Ball
3-1: Swinging Strike
3-2: Base on Balls
Batting: RHB Danny Boykins 0-0: Called Strike
0-1: Ball
1-1: Ball
2-1: Ball
3-1: Base on Balls
Ron Young to second
Batting: SHB Jerry Young 0-0: Ball
1-0: Foul Ball, location: 2F
1-1: Called Strike
1-2: Foul Ball, location: 2F
1-2: Strikes out swinging
Batting: LHB Preston Spencer 0-0: SINGLE (Line Drive, 56D)
Ron Young to third
Danny Boykins to second
Runner from 3rd tries for Home, SAFE, no throw or cutoff
Batting: LHB Greg Sharpe 0-0: Ball
1-0: Ball
2-0: Fly out, F8 (Flyball, 8RM)
Bottom of the 8th over - 1 run(s), 1 hit(s), 0 error(s), 2 left on base; Shelby HS 4 - Oceanside HS 10
TOP OF THE 9TH
Shelby HS Rockets batting - Pitching for Oceanside HS Pirates : RHP Ash Coker
Now at C: Curt Brown
Batting: LHB Bill Williams 0-0: SINGLE (Groundball, 4MD)
Batting: RHB Javier Concepción 0-0: Called Strike
0-1: Fly out, F9 (Flyball, 9S)
Batting: LHB Justin Tubridy 0-0: Ball
1-0: Ball
2-0: Ball
3-0: Base on Balls
Bill Williams to second
Batting: RHB Robbie Weatherdon 0-0: Ball
1-0: Ball
2-0: Called Strike
2-1: Ball
3-1: Foul Ball, location: 2F
3-2: Fly out, F3 (Popup, 3F)
Batting: LHB Dave Cannon 0-0: Foul Ball, location: 2F
0-1: Ball
1-1: Ball
2-1: Ball
3-1: Foul Ball, location: 2F
3-2: Foul Ball, location: 2F
3-2: Foul Ball, location: 2F
3-2: Strikes out swinging
Top of the 9th over - 0 run(s), 1 hit(s), 0 error(s), 2 left on base; Shelby HS 4 - Oceanside HS 10
Monday, December 5th, 2016 - OOTP Baseball 17.12 Build 75